 Dungeon Crawl Stone Soup version 0.28.0-43-g3370ac3207 (webtiles) character file.

Game seed: 888701651829664295

130 Zeld the Magician (level 4, -5/24 HPs)
             Began as a Deep Elf Fire Elementalist on Mar 11, 2022.
             Killed by nerve-wracking pain
             ... invoked by an orc priest
              (13 damage)
             ... on level 3 of the Dungeon.
             The game lasted 00:03:33 (3796 turns).

Zeld the Magician (Deep Elf Fire Elementalist)      Turns: 3796, Time: 00:03:33

Health: -5/24      AC:  3    Str:  5    XL:     4   Next: 89%
Magic:  0/12       EV: 13    Int: 22    God:
Gold:   87         SH:  0    Dex: 15    Spells: 5/12 levels left

rFire   + . .      SeeInvis .   b - staff of fire
rCold   . . .      Faith    .   (no shield)
rNeg    . . .      Spirit   .   a - +0 robe
rPois   .          Reflect  .   j - +0 helmet
rElec   .          Harm     .   (no cloak)
rCorr   .          Rampage  .   (no gloves)
Will    .....                   (no boots)
Stlth   ++........              (no amulet)
HPRegen 0.08/turn               (no ring)
MPRegen 0.13/turn               (no ring)

@: no status effects
A: no striking features
a: no special abilities


You were on level 3 of the Dungeon.
You visited 1 branch of the dungeon, and saw 4 of its levels.

You collected 87 gold pieces.

Inventory:

Armour
 a - a +0 robe (worn)
 j - a +0 helmet (worn)
Magical Staves
 b - a staff of fire (weapon)
Scrolls
 d - 3 scrolls of identify {unknown}
 e - 2 scrolls of enchant weapon {unknown}
 g - 2 scrolls of fear {unknown}
 l - a scroll of immolation {unknown}
Potions
 c - 2 potions of heal wounds {unknown}
 f - 2 potions of might {unknown}
 h - a potion of haste {unknown}
 k - a potion of lignification {unknown}


   Skills:
 + Level 3.2 Dodging
 + Level 3.3 Stealth
 * Level 4.5 Spellcasting
 + Level 2.0 Conjurations
 * Level 4.3 Fire Magic


You had 5 spell levels left.
You knew the following spells:

 Your Spells              Type           Power      Damage    Failure   Level
a - Foxfire               Conj/Fire      100%       2x1d9     2%          1
b - Scorch                Fire           72%        2d9       2%          2
c - Flame Wave            Conj/Fire      28%        2d8       28%         4

Your spell library contained the following spells:

 Spells                   Type           Power      Damage    Failure   Level
 Conjure Flame            Conj/Fire      28%        6-21      9%          3
 Apportation              Tloc           10%        N/A       11%         1
 Inner Flame              Hex/Fire       21%        N/A       13%         3
 Alistair's Intoxication  Tmut/Pois      3%         N/A       96%         5


Dungeon Overview and Level Annotations

Branches:
Dungeon (4/15)
 Temple: D:4-7

Altars:
Zin


Message History

The orc is heavily wounded.
The orc's fire resistance burns away.
The orc hits you with a +0 dagger.
The orc priest miscasts a cantrip.
Unknown command.
Casting: Scorch (safe; 2% risk of failure)
Confirm with . or Enter, or press ? or * to list all spells.
You feel a surge of power!
Flames lash the orc priest.
The orc priest is burned terribly!
The orc priest is almost dead.
The orc closely misses you. The orc priest barely misses you.
Unknown command.
Casting: Scorch (safe; 2% risk of failure)
Confirm with . or Enter, or press ? or * to list all spells.
You don't have enough magic to cast this spell.
Unknown command.
Casting: Scorch (safe; 2% risk of failure)
Confirm with . or Enter, or press ? or * to list all spells.
You don't have enough magic to cast this spell.
Casting: Scorch (safe; 2% risk of failure)
Confirm with . or Enter, or press ? or * to list all spells.
You feel a surge of power!
You conjure some foxfire!
The orc hits you but does no damage.
The orc priest hits you with a +0 war axe.
Unknown command.
The orc is no longer more vulnerable to fire.
The foxfire hits the orc but does no damage.
The orc is heavily wounded.
The foxfire hits the orc.
You kill the orc!
The orc priest closely misses you.
Things that are here:
a +0 dagger; an orc corpse Your magical contamination has completely faded away.
The orc priest invokes the aid of Beogh against you.
You barely resist.
The orc priest is no longer more vulnerable to fire.
The orc priest mumbles some strange prayers to Beogh against you.
Pain shoots through your body!
Ouch! That really hurt!
You die...

### ..##################
...................# #####
..################.##### #....
..#....# #...........# #.##.
#.#.##.# #.###.##.#### #.##.
#.#.##.#####<..#.##)## ###.##.
......<.[..........>)# #...##.
#.#.########...#@##).# ##.####.
#.#.# #.###..o..#####.......
..#.# ######.# ####...##.......##
..#.# #...##.# #....#.####.###.#
..#.# #.#.##.# #..)........###.#
#.#.# #.#.##.# #..#.#..###.#...##
#.#.###.#....###....#..#...#...=#
..#...#.#.####......#..#.#.####.#
.#.#.#.#.#.# #.###..#..#.#...##.#


You could see an orc priest.

Vanquished Creatures
  An orc wizard (D:3)
  4 adders
  A worm (D:3)
  A dart slug (D:3)
  6 orcs (D:3)
  4 ball pythons
  9 bats
  3 endoplasms
  A giant cockroach (D:3)
  3 goblins
  5 hobgoblins (D:3)
  A jackal (D:4)
  5 kobolds
  3 quokkas
  3 frilled lizards
  7 rats
57 creatures vanquished.

Vanquished Creatures (others)
  187 foxfires
187 creatures vanquished.

Grand Total: 244 creatures vanquished

Notes
Turn   | Place    | Note
-------+----------+-------------------------------------------
     0 | D:1      | Zeld the Deep Elf Fire Elementalist began the quest for the
                  | Orb.
     0 | D:1      | Reached XP level 1. HP: 10/10 MP: 6/6
   254 | D:1      | Found a faded altar of an unknown god.
   523 | D:1      | Reached XP level 2. HP: 10/15 MP: 2/8
  1560 | D:2      | Reached XP level 3. HP: 19/19 MP: 6/10
  1563 | D:2      | Learned a level 2 spell: Scorch
  2600 | D:3      | Reached XP level 4. HP: 24/24 MP: 7/12
  2619 | D:3      | Learned a level 4 spell: Flame Wave
  3072 | D:3      | Found a glowing silver altar of Zin.
  3796 | D:3      | Killed from afar by an orc priest

Illustrated notes

Levels and vault maps discovered:
D:1:      psy_arrival_terrarium, layout_basic,
          hellmonk_ecumenical_altar_heavens_door, minmay_misc_feat_cross,
          serial_park_tiny_pond, nrook_loot_triangle, minmay_statues_item,
          kennysheep_pointless_box
D:2:      layout_loops_corners
D:3:      layout_basic, zin_academy, hex_large, amcnicky_mini_corridor_feature
D:4:      layout_loops_ring, corexii_shack, minmay_pentomino_pile,
          uniq_eustachio, uniq_crazy_yiuf_cottage

Skill      XL: |  1  2  3  4 |
---------------+-------------+-----
Dodging        | 3 |  3.2
Stealth        | 3 |  3.3
Fire Magic     | 4 |  4.3
Spellcasting   | 4 |  4.5
Conjurations   | 2 |  2.0

Action                   |  1- 3 |  4- 6 || total
-------------------------+-------+-------++-------
Melee: Staff             |     2 |     6 ||     8
 Cast: Foxfire           |    98 |    30 ||   128
       Scorch            |     5 |    17 ||    22
Armor: Robe              |     7 |     6 ||    13
Dodge: Dodged            |    21 |    18 ||    39
